 Dungeon Crawl Stone Soup version 0.30-a0-54-g2e61a25929 (webtiles) character file.

Game seed: 15141972991906553907

599 Newt the Skirmisher (level 7, 0/44 HPs)
             Began as a Kobold Hunter on Sept 7, 2022.
             Killed from afar by Blork the orc (8 damage)
             ... with a magic dart
             ... on level 4 of the Dungeon.
             The game lasted 00:03:24 (3446 turns).

Newt the Skirmisher (Kobold Hunter)                 Turns: 3446, Time: 00:03:25

Health: 0/44       AC:  5    Str:  9    XL:     7   Next: 68%
Magic:  7/7        EV: 16    Int: 10    God:
Gold:   149        SH:  0    Dex: 20    Spells: 6/6 levels left

rFire   . . .      SeeInvis .    a - +0 shortbow
rCold   . . .      Faith    .    (shield currently unavailable)
rNeg    . . .      Spirit   .    c - +0 leather armour
rPois   .          Reflect  .    (no helmet)
rElec   .          Harm     .    (no cloak)
rCorr   .          Rampage  .    (no gloves)
Will    .....                    g - +1 pair of boots
Stlth   +++.......               (no amulet)
HPRegen 0.14/turn                (no ring)
MPRegen 0.10/turn                (no ring)

@: studying Necromancy
A: small, no large weapons, nightstalker 3
a: no special abilities


You were on level 4 of the Dungeon.
You visited 1 branch of the dungeon, and saw 4 of its levels.

You collected 189 gold pieces.
You spent 40 gold pieces at shops.

Inventory:

Hand Weapons
 a - a +0 shortbow (weapon)
Armour
 c - a +0 leather armour (worn)
 g - a +1 pair of boots (worn)
Scrolls
 b - 3 scrolls of immolation
 f - a scroll of brand weapon {unknown}
 h - 3 scrolls of teleportation {unknown}
 j - a scroll of acquirement {unknown}
 l - a scroll of enchant weapon {unknown}
 m - a scroll of noise {unknown}
Potions
 d - 4 potions of curing
 e - a potion of degeneration
 i - 2 potions of attraction
 k - a potion of might


   Skills:
 - Level 5.0 Fighting
 + Level 9.1 Ranged Weapons
 - Level 4.0 Dodging
 - Level 3.0 Stealth


You had 6 spell levels left.
You didn't know any spells.
Your spell library contained the following spells:

 Spells                   Type           Power      Damage    Failure   Level
 Conjure Flame            Conj/Fire      0%         6-21      85%         3
 Ignite Poison            Fire/Tmut/Pois 0%         N/A       85%         3
 Sticky Flame             Conj/Fire      0%         2d3       99%         4


Dungeon Overview and Level Annotations

Branches:
Dungeon (4/15)
 Temple: D:4-7

Altars:

Shops:
D:2 !

Annotations:
D:3 Natasha
D:4 Blork the orc


Innate Abilities, Weirdness & Mutations

You are small and have problems with some larger weapons.
You are completely attuned to the shadows.


Message History

Blork the orc is heavily wounded.
Blork the orc gestures at you while chanting.
The puff of frost hits you!
Unknown command.
Fire: a) +0 shortbow
Press: ? - help, Shift-Dir - straight line, f/p - Blork the orc
Aim: Blork the orc, wielding a +0 battleaxe and wearing a +2 robe (heavily wounded, 71% to hit)
You shoot an arrow.
The arrow completely misses Blork the orc.
Blork the orc hits you with a +0 battleaxe.
* * * LOW HITPOINT WARNING * * *
Fire: a) +0 shortbow
Press: ? - help, Shift-Dir - straight line, f/p - Blork the orc
Aim: Blork the orc, wielding a +0 battleaxe and wearing a +2 robe (heavily wounded, 71% to hit)
You shoot an arrow.
The arrow hits Blork the orc but does no damage.
Blork the orc is heavily wounded.
Blork the orc misses you.
Fire: a) +0 shortbow
Press: ? - help, Shift-Dir - straight line, f/p - Blork the orc
Aim: Blork the orc, wielding a +0 battleaxe and wearing a +2 robe (heavily wounded, 71% to hit)
You shoot an arrow. The arrow barely misses Blork the orc.
Blork the orc barely misses you.
Unknown command.
Fire: a) +0 shortbow
Press: ? - help, Shift-Dir - straight line, f/p - Blork the orc
Aim: Blork the orc, wielding a +0 battleaxe and wearing a +2 robe (heavily wounded, 71% to hit)
You shoot an arrow. The arrow hits Blork the orc!
Blork the orc is severely wounded.
Blork the orc hits you with a +0 battleaxe.
* * * LOW HITPOINT WARNING * * *
Fire: a) +0 shortbow
Press: ? - help, Shift-Dir - straight line, f/p - Blork the orc
Aim: Blork the orc, wielding a +0 battleaxe and wearing a +2 robe (severely wounded, 71% to hit)
You shoot an arrow.
The arrow hits Blork the orc but does no damage.
Blork the orc is severely wounded.
Blork the orc points at you and mumbles some strange words.
The magic dart hits you!
You die...

#.# ......#
#.#.###
......###.#....
........#.#.###
#######'#).#.#.#..
#.......#..#.....#
#)#######.........
#.# #......... #)#
##.#####.. #@# ###
#.. #..?.o...
.###..... ..##..
#.# ..


You could see Blork the orc.

Vanquished Creatures
  Sigmund (D:3)
  2 black bears
  Jessica (D:3)
  An iguana (D:4)
  An orc wizard (D:4)
  Natasha (twice) (D:3)
  5 adders
  2 dart slugs
  8 orcs
  8 endoplasms
  4 giant cockroaches
  3 goblins
  8 hobgoblins
  6 kobolds
  2 quokkas
  7 ball pythons
  6 bats
  4 frilled lizards
  4 rats
75 creatures vanquished.

Notes
Turn   | Place    | Note
-------+----------+-------------------------------------------
     0 | D:1      | Newt the Kobold Hunter began the quest for the Orb.
     0 | D:1      | Reached XP level 1. HP: 12/12 MP: 1/1
   156 | D:1      | Reached XP level 2. HP: 17/17 MP: 2/2
   587 | D:1      | Found a faded altar of an unknown god.
   614 | D:1      | Reached XP level 3. HP: 21/21 MP: 3/3
   718 | D:2      | Reached skill level 6 in Ranged Weapons
  1005 | D:2      | Reached XP level 4. HP: 13/26 MP: 4/4
  1721 | D:2      | Found Ryehice's Distillery.
  1726 | D:2      | Reached skill level 7 in Ranged Weapons
  1733 | D:2      | Bought a potion of might for 40 gold pieces
  2093 | D:3      | Noticed Jessica
  2095 | D:3      | Killed Jessica
  2096 | D:3      | Reached XP level 5. HP: 30/30 MP: 5/5
  2330 | D:3      | Noticed Sigmund
  2346 | D:3      | Killed Sigmund
  2347 | D:3      | Reached skill level 8 in Ranged Weapons
  2347 | D:3      | Reached XP level 6. HP: 21/39 MP: 6/6
  2585 | D:3      | Noticed Natasha
  2599 | D:3      | Killed Natasha
  2770 | D:3      | Noticed Natasha
  2777 | D:3      | Killed Natasha
  2778 | D:3      | Reached skill level 5 in Fighting
  3061 | D:4      | Noticed a black bear
  3069 | D:3      | Killed a black bear
  3070 | D:3      | Reached XP level 7. HP: 38/44 MP: 7/7
  3098 | D:3      | Noticed Natasha
  3437 | D:4      | Reached skill level 9 in Ranged Weapons
  3437 | D:4      | Noticed Blork the orc
  3446 | D:4      | Killed from afar by Blork the orc

Illustrated notes

Levels and vault maps discovered:
D:1:      scummos_arrival_simple_crosswalls, layout_loops_cross,
          dreamdust_ecumenical_altar_grove
D:2:      layout_loops_corners, serial_shops, shop, kennysheep_generic_room_5
D:3:      layout_basic, uniq_natasha, uniq_sigmund, uniq_jessica
D:4:      layout_basic, okawaru_metal_pillars_3, uniq_blork_the_orc

Skill      XL: |  1  2  3  4  5  6  7 |
---------------+----------------------+-----
Stealth        | 3 |  3.0
Ranged Weapons | 6 7 8 9 |  9.1
Fighting       | 4 5 |  5.0
Dodging        | 3 4 |  4.0

Action                   |  1- 3 |  4- 6 |  7- 9 || total
-------------------------+-------+-------+-------++-------
 Fire: Shortbow          |    82 |    87 |    66 ||   235
  Use: Scroll            |       |     6 |       ||     6
       Potion            |       |     1 |       ||     1
Armor: Leather armour    |    15 |    10 |     4 ||    29
Dodge: Dodged            |    29 |    29 |    22 ||    80

Table legend: (Time is in decaauts)
 A = Elapsed time spent in this place.
 B = Non-inter-level travel time spent in this place.
 C = Inter-level travel time spent in this place.
 D = Time resting spent in this place.
 E = Time spent auto-exploring this place.
 F = Levels seen in this place.
 G = Mean time per level.
                   A        B        C        D        E       F      G
               +--------+--------+--------+--------+--------+-----+--------+
         Total |   3496 |   3370 |    126 |      0 |   2959 |   4 |  874.0 |
       Dungeon |   3496 |   3370 |    126 |      0 |   2959 |   4 |  874.0 |
               +--------+--------+--------+--------+--------+-----+--------+

Top non-repeatable levels by time:
     D:2: 1333 daAuts
     D:3: 1112 daAuts
     D:1: 713 daAuts
     D:4: 337 daAuts
